 Dungeon Crawl Stone Soup version 0.32-a0-841-g4648e6c457 (webtiles) character file.

Game seed: 4796584784004640457

6232 senseless the Mimic (level 10, -1/147 HPs)
             Began as a Troll Shapeshifter on Mar 26, 2024.
             Was a Believer of Trog.
             Slain by a two-headed ogre
             ... wielding a +0 giant spiked club
              (9 damage)
             ... on level 10 of the Dungeon.
             The game lasted 00:21:16 (6901 turns).

senseless the Mimic (Troll Shapeshifter)            Turns: 6901, Time: 00:21:17

Health: -1/147     AC:  5    Str: 24    XL:     10   Next: 62%
Magic:  9/9        EV: 11    Int:  6    God:    Trog [**....]
Gold:   470        SH:  0    Dex: 13    Spells: 9/9 levels left

rFire   . .          .
                       - Unarmed
rCold   . . .        (no shield)
rNeg    . . .        a - +1 animal skin
rPois   .            (helmet currently unavailable)
rElec   .            (cloak currently unavailable)
rCorr   .            (gloves unavailable)
SInv    .            (boots unavailable)
Will    .....        (no amulet) Stlth
                     (no ring)
HPRegen 1.24/turn    (no ring)
MPRegen 0.11/turn

%: no passive effects
@: berserking, beast-form, very quick
A: beast (slay +4), large, unfitting armour, claws 3, regeneration 1, shaggy fur
1, tough skin 1
a: Begin Untransformation, Renounce Religion, Berserk, Trog's Hand


You were on level 10 of the Dungeon.
You worshipped Trog.
Trog was pleased with you.
You were a hulking beast.
You visited 2 branches of the dungeon, and saw 11 of its levels.
You also visited: Ossuary.

You collected 593 gold pieces.
You spent 123 gold pieces at shops.

Inventory:

Hand Weapons
 s - a +3 quarterstaff of chaos
Missiles
 v - 31 poisoned darts
 y - 7 javelins
Armour
 a - a +1 animal skin (worn)
 l - a +0 cloak
 m - a +0 cloak
Talismans
 c - a beast talisman (active)
 d - a flux talisman
 h - a maw talisman
 o - a blade talisman
Wands
 i - a wand of paralysis (13)
 t - a wand of polymorph (7)
 u - a wand of iceblast (6)
 z - a wand of mindburst (21)
Scrolls
 g - a scroll of vulnerability
 A - a scroll of enchant armour
Potions
 b - 2 potions of lignification
 e - a potion of resistance {unknown}
 f - 5 potions of attraction
 j - 3 potions of curing
 k - 2 potions of magic
 n - a potion of degeneration {unknown}
 p - 3 potions of brilliance
 q - 3 potions of haste
 r - 3 potions of mutation
 w - a potion of enlightenment {unknown}
 C - 2 potions of invisibility {unknown}


   Skills:
 + Level 6.1 Fighting
 + Level 6.2 Dodging
 + Level 7.8 Unarmed Combat
 * Level 9.9 Shapeshifting


You had 9 spell levels left.
You didn't know any spells.
Your spell library contained the following spells:

 Spells                   Type           Power      Damage    Failure   Level
 Fugue of the Fallen      Necr           0%         N/A       83%         3
 Hailstorm                Conj/Ice       0%         3d5       83%         3
 Ozocubu's Armour         Ice            0%         N/A       83%         3
 Summon Ice Beast         Ice/Summ       0%         N/A       83%         3
 Manifold Assault         Tloc           0%         N/A       99%         4
 Permafrost Eruption      Ice/Erth       0%         2x4d2     100%        6
 Sculpt Simulacrum        Ice/Alch       0%         N/A       100%        6


Dungeon Overview and Level Annotations

Branches:
Dungeon (10/15)            Temple (1/1) D:4            Lair (0/5) D:8
Ossuary (visited)
    Orc: D:9-12

Altars:
Ashenzari
Dithmenos
Elyvilon
Fedhas
Gozag
Hepliaklqana
Kikubaaqudgha
Makhleb
Nemelex Xobeh
Okawaru
Qazlal
Ru
Sif Muna
Trog
Uskayaw
Wu Jian
Xom
Yredelemnul
Zin
The Shining One

Shops:
D:6 (   D:9 ?:[


Innate Abilities, Weirdness & Mutations

You are a hulking beast.
Your limbs bulge with bestial killing power. (Slay +4)
You are too large for most types of armour.
You have claws for hands.
Your natural rate of healing is unusually fast.
You are covered in fur. (AC +1)
You have tough skin. (AC +1)


Message History

There is a shaft here.
There is a shaft here.
There is a shaft here.
There is a stone staircase leading down here.
Okay, then.
Okay, then.
You climb downwards.
Found a war axe.
There is a stone staircase leading up here.
A two-headed ogre comes into view.
It is wielding a +0 giant spiked club and a +0 giant club.
The two-headed ogre shouts in stereo!
You scratch the two-headed ogre.
The two-headed ogre is lightly wounded.
You barely miss the two-headed ogre.
The two-headed ogre is lightly wounded.
The two-headed ogre hits you with a +0 giant spiked club!!
The two-headed ogre hits you with a +0 giant club!
You claw the two-headed ogre!
The two-headed ogre is moderately wounded.
The two-headed ogre hits you with a +0 giant spiked club.
The two-headed ogre hits you with a +0 giant club!!
You are too injured to fight recklessly!
You are too injured to fight recklessly!
A red film seems to cover your vision as you go berserk!
You feel yourself moving faster!
You feel mighty!
You claw the two-headed ogre!
The two-headed ogre is heavily wounded.
The two-headed ogre hits you with a +0 giant spiked club!!
* * * LOW HITPOINT WARNING * * *
The two-headed ogre hits you with a +0 giant club!!
* * * LOW HITPOINT WARNING * * *
You scratch the two-headed ogre but do no damage.
The two-headed ogre is heavily wounded.
You scratch the two-headed ogre.
The two-headed ogre is severely wounded.
You claw the two-headed ogre!
The two-headed ogre is almost dead.
The two-headed ogre barely misses you.
The two-headed ogre hits you with a +0 giant club!
You die...

## ### ##.# ##h#
##.).####.#O..#
#.#....<##.###...#
#.........## #.##
#.#.....##.# ...
#......## #.# ###
#####.# #.# ## ##


You could see a two-headed ogre.

Vanquished Creatures
  A boulder beetle (D:8)
  A two-headed ogre (D:9)
  Pikel (D:6)
  Maurice (D:9)
  Grinder (D:3)
  Sigmund (D:6)
  Menkaure (D:4)
  An acid dragon (D:8)
  A water moccasin (D:6)
  3 sky beasts
  2 ice beasts
  5 orc warriors
  An ogre (D:5)
  2 centaurs
  3 lemures (D:6)
  3 kobold brigands
  An elf zombie (Ossuary)
  A bullfrog (D:6)
  2 scorpions (D:5)
  Blork the orc (D:6)
  A burial acolyte (Ossuary)
  13 wights
  A howler monkey (D:6)
  2 centaur zombies (Ossuary)
  2 human zombies (Ossuary)
  5 hounds
  2 jellies
  Crazy Yiuf (D:4)
  3 orc priests
  4 sleepcaps
  2 iguanas
  Terence (D:3)
  6 orc wizards
  2 crocodile zombies (Ossuary)
  3 hound zombies (Ossuary)
  3 mummies (Ossuary)
  3 adders
  8 gnolls
  A shadow imp (D:6)
  2 white imps (D:5)
  2 ufetubi (D:5)
  4 adder zombies (Ossuary)
  A dart slug (D:2)
  10 orcs
  3 endoplasms
  2 gnoll zombies (Ossuary)
  10 goblins
  3 hobgoblins
  4 jackals (D:3)
  3 quokkas
  5 ball pythons
  3 ball python zombies (Ossuary)
  3 frilled lizards
  2 jackal zombies (Ossuary)
  13 kobolds
  6 kobold zombies (Ossuary)
  3 orc zombies (Ossuary)
  2 rats
177 creatures vanquished.

Vanquished Creatures (collateral kills)
  A wight (D:9)
1 creature vanquished.

Vanquished Creatures (others)
  3 orcs (D:9)
3 creatures vanquished.

Grand Total: 181 creatures vanquished

Notes
Turn   | Place    | Note
-------+----------+-------------------------------------------
     0 | D:1      | senseless the Troll Shapeshifter began the quest for the
                  | Orb.
     0 | D:1      | Reached XP level 1. HP: 18/18 MP: 0/0
    89 | D:1      | Reached skill level 1 in Fighting
   175 | D:1      | Reached XP level 2. HP: 27/27 MP: 1/1
   809 | D:3      | Reached XP level 3. HP: 33/33 MP: 2/2
  1086 | D:3      | Noticed Grinder
  1089 | D:3      | Noticed Terence
  1094 | D:3      | Killed Grinder
  1095 | D:3      | Reached skill level 4 in Shapeshifting
  1095 | D:3      | Reached XP level 4. HP: 40/42 MP: 3/3
  1095 | D:3      | Reached XP level 5. HP: 46/49 MP: 4/4
  1096 | D:3      | Killed Terence
  1097 | D:3      | Reached XP level 6. HP: 57/57 MP: 5/5
  1339 | D:4      | Noticed Menkaure
  1341 | D:4      | Found a sand-covered staircase.
  1348 | D:4      | Killed Menkaure
  1406 | Ossuary  | Entered an ossuary
  1443 | Ossuary  | Reached skill level 5 in Shapeshifting
  1513 | Ossuary  | Reached XP level 7. HP: 61/66 MP: 6/6
  1906 | D:4      | Found a runed translucent door.
  1907 | D:4      | Noticed Crazy Yiuf
  2004 | D:4      | Found a stormy altar of Qazlal.
  2092 | D:4      | Found a staircase to the Ecumenical Temple.
  2105 | Temple   | Entered the Ecumenical Temple
  2124 | Temple   | Became a worshipper of Trog the Wrathful
  2343 | D:4      | Killed Crazy Yiuf
  2390 | D:5      | Entered Level 5 of the Dungeon
  2411 | D:5      | Reached skill level 5 in Unarmed Combat
  2411 | D:5      | Reached skill level 6 in Shapeshifting
  2470 | D:5      | Reached XP level 8. HP: 75/75 MP: 7/7
  2680 | D:5      | Found a shadowy altar of Dithmenos.
  2685 | D:5      | You fall into a shaft and drop 2 floors!
  2716 | D:6      | Noticed Pikel
  2724 | D:6      | Reached * piety under Trog
  2754 | D:6      | Killed Pikel
  2755 | D:6      | Reached skill level 7 in Shapeshifting
  2875 | D:6      | Reached XP level 9. HP: 83/85 MP: 8/8
  2991 | D:6      | Found Jauffuypt's Weapon Emporium.
  3015 | D:6      | Noticed Sigmund
  3019 | D:6      | Killed Sigmund
  3078 | D:6      | Reached skill level 5 in Dodging
  3078 | D:6      | Reached skill level 8 in Shapeshifting
  3191 | D:6      | Noticed Blork the orc
  3194 | D:6      | Killed Blork the orc
  3517 | D:5      | Reached skill level 5 in Fighting
  3855 | D:7      | Reached ** piety under Trog
  4494 | D:7      | Found a shimmering blue altar of Sif Muna.
  4563 | D:8      | Noticed a boulder beetle
  4579 | D:8      | Killed a boulder beetle
  4580 | D:8      | Reached skill level 9 in Shapeshifting
  4580 | D:8      | Reached XP level 10. HP: 96/96 MP: 9/9
  4639 | D:8      | Found a staircase to the Lair.
  4655 | D:8      | Found a glowing silver altar of Zin.
  4760 | D:8      | Found an ancient bone altar of Kikubaaqudgha.
  4801 | D:8      | Found an opulent altar of Gozag.
  5448 | D:9      | Found a shimmering altar of Xom.
  5504 | D:9      | Found Vischuorph's Antique Armour Shoppe.
  5600 | D:9      | Noticed a two-headed ogre
  5607 | D:9      | Killed a two-headed ogre
  5928 | D:9      | Found Cuxyal's Book Boutique.
  5951 | D:9      | Found Bororo's Magic Scroll Boutique.
  5957 | D:9      | Bought a scroll of enchant armour for 97 gold pieces
  5957 | D:9      | Bought a scroll of identify for 26 gold pieces
  5976 | D:9      | Noticed Maurice
  5988 | D:9      | Something stole 433 gold
  5989 | D:9      | Something stole 31 poisoned darts
  6001 | D:9      | Something stole a blade talisman
  6026 | D:9      | Maurice stole a +3 quarterstaff of chaos
  6123 | D:9      | Killed Maurice
  6311 | D:9      | Found a hide-covered altar of Uskayaw.
  6333 | D:9      | Found Bororo's Magic Scroll Boutique.
  6341 | D:9      | Found Cuxyal's Book Boutique.
  6409 | D:9      | Found Vischuorph's Antique Armour Shoppe.
  6759 | D:9      | Found a shimmering altar of Xom.
  6887 | D:10     | Entered Level 10 of the Dungeon
  6893 | D:10     | Noticed a two-headed ogre
  6898 | D:10     | HP: 6/147 [two-headed ogre/+0 giant spiked club (21)]
  6901 | D:10     | Slain by a two-headed ogre

Illustrated notes

Levels and vault maps discovered:
D:1:      ldierk_walled_garden_2, layout_rooms, reono_crystal_passage
D:2:      layout_rooms
D:3:      layout_basic, uniq_terence, uniq_grinder
D:4:      layout_rooms, grunt_qazlal_clouds, temple_green,
          lightli_ossuary_entry_decrepit_ruins, grunt_decor_arrowhead,
          uniq_crazy_yiuf_cottage, uniq_menkaure
D:5:      layout_cave_pools, nicolae_dithmenos_shadow_blocks
D:6:      layout_loops_ring, serial_shops, shop, sword_in_stone, uniq_pikel,
          uniq_blork_the_orc, uniq_sigmund
D:7:      layout_loops_ring, lemuel_blue_sif_altar
D:8:      layout_basic, mainiacjoe_overflow_catwalk, kiku_gazebo_garden_becter,
          zin_academy, dpeg_oklobed_lair
D:9:      layout_loops_cross, overflow_temple_1_default,
          nicolae_uskayaw_suspiria, serial_shops, nicolae_book_shop_shelving,
          shop, nicolae_shop_temple_entry_statues_fountains,
          corexii_hall_statues_i, minmay_strange_pillars, minmay_holes,
          uniq_maurice
D:10:     layout_loops_corners, gammafunk_temple_overflow_statue,
          kennysheep_donut, hangedman_abyss_or_decor_stabs, uniq_josephine
Temple:   nicolae_temple_slightly_damp_pantheon

Skill      XL: |  1  2  3  4  5  6  7  8  9 10 |
---------------+-------------------------------+-----
Fighting       | 1 2 3 4 5 6 |  6.1
Dodging        | 2 3 4 5 6 |  6.2
Unarmed Combat | 4 5 6 7 |  7.8
Shapeshifting  | 4 5 6 7 9 |  9.9

Action                     |  1- 3 |  4- 6 |  7- 9 | 10-12 || total
---------------------------+-------+-------+-------+-------++-------
  Melee: Unarmed           |    71 |    71 |   286 |   106 ||   534
         Punch             |       |     1 |     5 |     4 ||    10
  Throw: Dart              |       |       |     1 |       ||     1
 Invoke: Berserk           |       |       |     2 |     4 ||     6
  Evoke: Wand              |     1 |     1 |       |       ||     2
    Use: Scroll            |     6 |     1 |     9 |     5 ||    21
         Potion            |       |     1 |     3 |     4 ||     8
   Stab: Sleeping          |     2 |       |     1 |       ||     3
         Paralysed         |     4 |     1 |       |       ||     5
         Distracted        |       |       |     1 |       ||     1
 Armour: Animal skin       |    35 |    42 |   228 |   110 ||   415
  Dodge: Dodged            |    25 |    31 |   157 |    60 ||   273

Table legend: (Time is in decaauts)
 A = Elapsed time spent in this place.
 B = Non-inter-level travel time spent in this place.
 C = Inter-level travel time spent in this place.
 D = Time resting spent in this place.
 E = Time spent auto-exploring this place.
 F = Levels seen in this place.
 G = Mean time per level.
                   A        B        C        D        E       F      G
               +--------+--------+--------+--------+--------+-----+--------+
         Total |   6913 |   6528 |    385 |    366 |   4928 |  12 |  576.1 |
       Dungeon |   6516 |   6167 |    349 |    329 |   4769 |  10 |  651.6 |
        Temple |     38 |      2 |     36 |      0 |      0 |   1 |   38.0 |
       Ossuary |    358 |    358 |      0 |     37 |    159 |   1 |  358.0 |
               +--------+--------+--------+--------+--------+-----+--------+

Top non-repeatable levels by time:
     D:9: 1562 daAuts
     D:6: 857 daAuts
     D:8: 776 daAuts
     D:7: 763 daAuts
     D:4: 733 daAuts
     D:3: 541 daAuts
     D:5: 498 daAuts
     D:1: 429 daAuts
 Ossuary: 358 daAuts
     D:2: 342 daAuts
  Temple: 38 daAuts
    D:10: 12 daAuts
